Unix NetHack Version 5.0.0-0 post-release - last build May 31 2026 23:59:36 (970b52f25bf058293b47ddfd14a1e40e571c508c,branch:main).

Game began 2026-06-09 11:23:25, ended 2026-06-09 20:48:33.

Drastanta, neutral male human Barbarian

                            --------------
                    ########-............|
                   ##       |............|
                  0#       #-..T.........|           ------------        -----
                  #        #|............|           |..........|       |....|
                  #        #---------|----           |..........-#####  |....|
       --------   #       ##         ##            ##-..........|    ###.....|
       |....(.|  ##       #           #            # |..........|       |%...|
       |.......#####      #           ##           # |..........|       ------
       |...T..|    ####   #          ##########0#####...........|
       |..@----         ###            #      #####  ------------
       |....##### ------#    ----.-----|----  #
       |...|    # |....|#    |.............|  #
       -----    ##|....|#    |.............|  #
                 #|....*#    |.......<.`....###
                 #-....|     ------#--------
                  ------

Drastanta the Raider       St:18 Dx:17 Co:18 In:10 Wi:10 Ch:7  Neutral
Dlvl:20 $:0  HP:0(141) Pw:39(39) AC:-4 Xp:14 T:20891 

Latest messages:
 You stagger under your heavy load.  Movement is very hard.
 Your load is too heavy to climb the stairs.
 What do you want to drop? [abdgknpr-tBD-GILNOQS or ?*] ?
 You drop a sasquatch corpse.
 Your movements are now unencumbered.
 There are many objects here.
 You have trouble lifting a troll corpse.  Continue? [ynq] (q) y
 You have trouble lifting e - a troll corpse.
 You rebalance your load.  Movement is difficult.
 What do you want to drop? [abegknpr-tBD-GILNOQS or ?*] ?
 You drop a troll corpse.
 Your movements are now unencumbered.
 You have trouble lifting a dwarf lord corpse.  Continue? [ynq] (q) y
 You have trouble lifting f - a dwarf lord corpse.
 You rebalance your load.  Movement is difficult.
 You see here a sasquatch corpse.
 Your load is too heavy to climb the stairs.
 You see here a sasquatch corpse.
 The troll misses!
 The troll hits!
 The troll bites!
 What do you want to drop? [abfgknpr-tBD-GILNOQS or ?*] ?
 You drop a dwarf lord corpse.
 Your movements are now unencumbered.
 The troll hits!
 The troll misses!
 The troll misses!
 You climb up the stairs.
 The troll hits!
 The troll hits!
 The troll bites!
 You smite the troll!
 You smite the troll!
 The troll hits!
 The troll misses!
 The troll bites!
 You smite the troll!
 The troll hits!
 The troll hits!
 The troll bites!
 You smite the troll!
 The troll hits!
 The troll hits!
 The troll bites!
 You die...
 Do you want your possessions identified? [ynq] (y) y
 Do you want to see your attributes? [ynq] (y) y
 Do you want an account of creatures vanquished? [ynaq] (y) y
 Do you want to see your conduct and achievements? [ynq] (y) y
 Do you want to see the dungeon overview? [ynq] (y) y

Inventory:
 Amulets  ('"')
  s - a blessed amulet of reflection (being worn)
 Weapons  (')')
  a - a thoroughly rusty thoroughly corroded +3 battle-axe (weapon in hands)
 Armor    ('[')
  I - an uncursed very rusty thoroughly corroded +0 dwarvish iron helm
  F - an uncursed +0 helmet (being worn)
  k - an uncursed +0 pair of gauntlets of dexterity (being worn)
  O - an uncursed thoroughly burnt +0 pair of speed boots (being worn)
  t - a blessed +0 leather cloak (being worn)
  p - a blessed rotproof +2 gray dragon scale mail (being worn)
 Comestibles  ('%')
  N - 2 uncursed C-rations
 Rings    ('=')
  D - an uncursed ring of cold resistance (on left hand)
  Q - an uncursed ring of levitation
  L - an uncursed ring of see invisible (on right hand)
 Wands    ('/')
  S - a wand of create monster (0:14)
  g - a wand of digging (0:4)
  G - a wand of magic missile (0:1)
  n - a wand of stasis (0:6)
 Tools    ('(')
  b - a blessed bag of holding containing 69 items
  B - an uncursed blindfold
  r - an uncursed skeleton key
 Gems/Stones  ('*')
  E - a blessed luckstone

Contents of the bag of holding:
  27902 gold pieces
  an uncursed amulet of ESP
  an uncursed amulet of flying
  an uncursed amulet of guarding
  a cheap plastic imitation of the Amulet of Yendor
  a +0 short sword
  a blessed rotted +1 pair of leather gloves
  an uncursed eucalyptus leaf
  7 uncursed food rations
  2 uncursed lizard corpses
  an uncursed lizard corpse
  an uncursed scroll of amnesia
  a blessed scroll of blank paper
  7 uncursed scrolls of blank paper
  an uncursed scroll of charging
  2 cursed scrolls of charging
  2 uncursed scrolls of confuse monster
  a cursed scroll of create monster
  2 uncursed scrolls of destroy armor
  3 uncursed scrolls of earth
  2 uncursed scrolls of enchant armor
  a blessed scroll of enchant weapon
  2 uncursed scrolls of fire
  3 uncursed scrolls of food detection
  an uncursed scroll of gold detection
  an uncursed scroll of identify
  a cursed scroll of identify
  4 uncursed scrolls of light
  a cursed scroll of light
  an uncursed scroll of magic mapping
  an uncursed scroll of punishment
  an uncursed scroll of remove curse
  3 uncursed scrolls of teleportation
  a cursed scroll of teleportation
  2 uncursed potions of booze
  a blessed potion of healing
  a cursed potion of healing
  a blessed potion of invisibility
  an uncursed potion of levitation
  2 uncursed potions of object detection
  a blessed potion of oil
  a blessed potion of see invisible
  an uncursed potion of sleeping
  a cursed potion of sleeping
  2 uncursed potions of speed
  2 potions of holy water
  a potion of unholy water
  an uncursed +2 ring of adornment
  an uncursed +1 ring of gain constitution
  an uncursed +2 ring of gain strength
  a cursed -1 ring of gain strength
  a blessed +1 ring of increase accuracy
  an uncursed ring of poison resistance
  a blessed +1 ring of protection
  an uncursed ring of searching
  an uncursed ring of slow digestion
  an uncursed ring of slow digestion
  a wand of make invisible (0:4)
  a wand of slow monster (0:6)
  a wand of teleportation (0:7)
  a wand of teleportation (0:6)
  a wand of teleportation (0:6)
  a wand of teleportation (0:3)
  a wand of undead turning (0:3)
  an empty uncursed sack
  an uncursed bugle
  a blessed oil lamp
  an uncursed towel
  a +0 unicorn horn

Drastanta the Barbarian's attributes:

Background:
 You were a Raider, a level 14 male human Barbarian.
 You were neutral, on a mission for Crom
 who was opposed by Mitra (lawful) and Set (chaotic).
 You were left-handed.
 You were in the Dungeons of Doom, on level 20.
 You entered the dungeon 20891 turns ago.
 You had 82623 experience points, 77377 more were needed to attain level 15.

Basics:
 You had 0 out of 141 hit points.
 You had all 39 energy points (spell power).
 Your armor class was -4.
 Your wallet was empty, but
 you had 27902 zorkmids stashed away in your pack.
 Autopickup was on for '$' plus thrown.

Final Characteristics:
 Your strength was 18 (limit:18/100).
 Your dexterity was 17 (limit:18).
 Your constitution was 18 (limit:18).
 Your intelligence was 10 (limit:18).
 Your wisdom was 10 (limit:18).
 Your charisma was 7 (limit:18).

Final Status:
 You weren't hungry.
 You were unencumbered.
 You were wielding an axe.
 You had expert skill with axe.

Final Attributes:
 You were piously aligned.
 You were magic-protected.
 You were fire resistant.
 You were cold resistant.
 Your items were protected from cold.
 You were sleep resistant.
 You were poison resistant.
 You saw invisible.
 You were telepathic.
 You were warded.
 You were very fast.
 You had reflection.
 You were very lucky.
 You had extra luck.
 Good luck did not time out for you.
 You are dead.

Miscellaneous:
 You encountered 1 bones level.
 Total elapsed playing time was 6 hours and 58 minutes.

Major events:
 Turn
    1: Drastanta the neutral male human Barbarian entered the dungeon
  644: found Dragonbane in a shop
 1951: attained the rank of Pillager (level 3)
 2780: entered the Gnomish Mines
 3072: reached Mine Town
 3216: attained the rank of Bandit (level 6)
 6636: acquired the Mines' End luckstone
 9253: made his first wish - "blessed fixed +3 gray dragon scale mail", got "a gray dragon scale mail"
 9749: attained the rank of Brigand (level 10)
10647: entered Sokoban
11123: completed 1st Sokoban level
11554: completed 2nd Sokoban level
11819: completed 3rd Sokoban level
12722: completed 4th Sokoban level
12859: acquired the Sokoban bag of holding
13447: wished for "Blessed amulet of reflection", got "a hexagonal amulet"
15191: entered Home 1, the Quest
19976: attained the rank of Raider (level 14)
20891: killed by a troll

You didn't know any spells.

Skills:
 Fighting Skills
   bare handed combat [Basic]
   two weapon combat  [Unskilled]
   riding             [Unskilled]
 Weapon Skills
   dagger             [Unskilled]
   axe                [Expert]
   pick-axe           [Unskilled]
   short sword        [Basic]
   broadsword         [Unskilled]
   long sword         [Unskilled]
   two-handed sword   [Unskilled]
   saber              [Unskilled]
   club               [Unskilled]
   mace               [Unskilled]
   morning star       [Unskilled]
   flail              [Unskilled]
   hammer             [Unskilled]
   quarterstaff       [Unskilled]
   spear              [Unskilled]
   trident            [Unskilled]
   bow                [Unskilled]
 Spellcasting Skills
   attack spells      [Unskilled]
   escape spells      [Unskilled]

Voluntary challenges:
 Character rerolling was not enabled.
 You never genocided any monsters.
 You never polymorphed an object.
 You never changed form.
 You used 2 wishes.
 You did not wish for any artifacts.
 You did not violate any of the special Sokoban rules.
Achievements:
 You entered a shop.
 You attained the rank of Pillager.
 You entered the Gnomish Mines.
 You entered Minetown.
 You attained the rank of Bandit.
 You entered a temple.
 You completed the Gnomish Mines.
 You attained the rank of Brigand.
 You entered Sokoban.
 You completed Sokoban.
 You attained the rank of Raider.

 The Dungeons of Doom: levels 1 to 26
    Level 1:
       Many altars, a fountain.
    Level 2:
       A general store.
    Level 3:
       A ring shop, a fountain.
       Stairs down to The Gnomish Mines.
    Level 4:
       Many altars, a grave.
       Final resting place for
          Sawo-Val-Dwa-Fem-Law, killed by a gecko, while fainted from lack of food.
    Level 5:
       A fountain.
    Level 6:
       Many fountains.
       Oracle of Delphi.
    Level 7:
       Some fountains.
       Stairs up to Sokoban, level 6.
    Level 8:
       An altar to Crom.
    Level 9:
       A general store, a fountain, a sink.
    Level 10:
    Level 11:
       A general store, a fountain.
    Level 12:
       A fountain, a grave.
    Level 13:
       A fountain.
       Summoned by Pelias.
       Portal to The Quest.
    Level 14:
       A fountain.
    Level 15:
       A primitive area.
    Level 16:
       An altar.
    Level 17:
       A grave.
    Level 18:
       A fountain.
    Level 19:
       A fountain.
    Level 20: <- You were here.
       An altar to Crom.
       Final resting place for
          you, killed by a troll.
    Level 21:
       A general store, a sink.
    Level 22:
       Some fountains.
    Level 23:
    Level 24:
       A grave.
    Level 25:
       A fountain.
    Level 26:
 The Gnomish Mines: levels 4 to 12
    Level 4:
    Level 5:
    Level 6:
       Many shops, a temple and an altar, some fountains, some trees.
    Level 7:
    Level 8:
    Level 9:
    Level 10:
    Level 11:
    Level 12:
 The Quest:
    Level 1:
       Many trees.
       Home.
 Sokoban: levels 6 up to 3
    Level 3:
       Solved.
    Level 4:
       Solved.
    Level 5:
       Solved.
    Level 6:
       Solved.


Vanquished creatures:
  2 clay golems
  3 frost giants
  7 black puddings
  a lieutenant
  2 ghosts
  4 giant mimics
  a long worm
  a zruty
  3 fire giants
  2 ogre tyrants
  2 rock trolls
 an umber hulk
 an elven monarch
  2 large mimics
  3 wumpuses
  5 stalkers
  a fire elemental
  a water elemental
  3 hill giants
  2 giant mummies
  a black naga
  2 xorns
  a giant zombie
 an elf-noble
  a sergeant
  a warg
 13 small mimics
  2 glass piercers
  a warhorse
  7 xans
  3 ettin mummies
  3 ogre leaders
  6 trolls
  2 sasquatches
  2 gelatinous cubes
  3 large dogs
  a freezing sphere
  3 flaming spheres
  a shocking sphere
  a tiger
  2 gargoyles
  5 tengu
  4 ochre jellies
  2 leocrottas
  2 elf mummies
  4 wraiths
  2 ettin zombies
  3 leather golems
  4 Grey-elves
  2 soldiers
  2 amorous demons
  a chameleon
  a crocodile
  2 giant beetles
  a quivering blob
  7 cockatrices
  7 wolves
  6 winter wolf cubs
  2 lynxes
  a panther
  a spotted jelly
 34 leprechauns
  3 orc-captains
  3 iron piercers
  a mumak
  8 giant spiders
  3 scorpions
  3 ice vortices
  4 black lights
  2 vampire bats
  a forest centaur
  4 gnome rulers
  2 dwarf mummies
  3 ogres
  6 brown puddings
  a rust monster
  3 owlbears
  4 yetis
  2 gold golems
  a werewolf
  8 lizards
  2 chickatrices
  3 dingoes
  a dog
  a housecat
  2 jaguars
  5 dwarf leaders
  2 blue jellies
  2 white unicorns
  5 dust vortices
  3 ravens
  2 plains centaurs
  3 gnome mummies
  3 snakes
  2 apes
  3 human zombies
  a rope golem
  5 Woodland-elves
  a soldier ant
  2 fire ants
  a bugbear
  2 imps
  7 quasits
  2 wood nymphs
  4 water nymphs
  2 mountain nymphs
  7 Mordor orcs
  2 Uruk-hai
  3 orc shamans
  2 rock piercers
  3 rock moles
  3 ponies
 17 fog clouds
  6 yellow lights
  2 shriekers
  3 violet fungi
 18 gnome leaders
  7 gnomish wizards
  2 kobold mummies
  a red naga hatchling
  a gray ooze
  a barrow wight
  3 elf zombies
  a ghoul
  a straw golem
  a paper golem
  7 giant ants
  5 little dogs
  5 floating eyes
 24 dwarves
  5 homunculi
  2 kobold leaders
  4 hill orcs
  9 rothes
  2 rabid rats
  5 giant bats
  a monkey
  4 orc zombies
  6 dwarf zombies
  a wererat
 10 iguanas
 11 killer bees
  3 acid blobs
  3 coyotes
  2 gas spores
  8 hobbits
  a manes
  2 large kobolds
  4 hobgoblins
  a giant rat
  7 cave spiders
  3 brown molds
  a yellow mold
  2 green molds
 70 gnomes
  2 garter snakes
  8 geckos
 11 jackals
  2 foxes
  2 kobolds
  5 goblins
  a sewer rat
  3 grid bugs
  4 bats
  7 lichens
  3 kobold zombies
  8 newts
673 creatures vanquished.

No species were genocided or became extinct.

Game over:
                       ----------
                      /          \
                     /    REST    \
                    /      IN      \
                   /     PEACE      \
                  /                  \
                  |    Drastanta     |
                  |     27902 Au     |
                  |   killed by a    |
                  |      troll       |
                  |                  |
                  |                  |
                  |       2026       |
                 *|     *  *  *      | *
        _________)/\\_//(\/(/\)/\//\/|_)_______

Goodbye Drastanta the Barbarian...

You died in The Dungeons of Doom on dungeon level 20 with 151802 points,
and 27902 pieces of gold, after 20891 moves.
You were level 14 with a maximum of 141 hit points when you died.

